 Dungeon Crawl Stone Soup version 0.23.0-28-g6fe0f4d (webtiles) character file.

Game seed: 3806089784900770043

6741 dvd the Cleaver (level 11, -4/92 HPs)
             Began as a Ghoul Gladiator on Feb 25, 2019.
             Was an Elder of Okawaru.
             Slain by a yak (10 damage)
             ... on level 10 of the Dungeon.
             The game lasted 00:21:58 (8424 turns).

dvd the Cleaver (Ghoul Gladiator)                   Turns: 8424, Time: 00:21:59

Health: -4/92      AC: 10    Str: 20    XL:     11   Next: 4%
Magic:  9/11       EV: 16    Int:  4    God:    Okawaru [****..]
Gold:   407        SH:  6    Dex: 11    Spells: 10/10 levels left

rFire    + . .     SeeInvis .   a - +0 war axe
rCold    + + .     Gourm    .   v - +0 buckler
rNeg     + + +     Faith    .   F - +0 ring mail {rC+}
rPois    ∞         Spirit   .   c - +0 helmet
rElec    .         Reflect  .   j - +0 cloak
rCorr    .         Harm     .   (no gloves)
MR       .....                  (no boots)
Stlth    +++.......             (no amulet)
HPRegen  0.00/turn              G - ring of fire
MPRegen  0.12/turn              E - ring of protection from cold

@: heroism, rotting
A: rotting body, claws 1, carnivore, cold resistance 1, negative energy
resistance 3, inhibited regeneration, torment resistance, unbreathing
a: Heroism, Renounce Religion


You were on level 10 of the Dungeon.
You worshipped Okawaru.
Okawaru was greatly pleased with you.
You were not hungry.

You visited 2 branches of the dungeon, and saw 11 of its levels.

You collected 537 gold pieces.
You spent 130 gold pieces at shops.

Inventory:

Hand Weapons
 a - a +0 war axe (weapon)
 p - a +1 vampiric whip
 q - a +0 long sword
 r - a +2 great sword of slicing
 H - a +1 whip of venom
Missiles
 d - a throwing net (quivered)
 y - a tomahawk
 B - 3 javelins
Armour
 c - a +0 helmet (worn)
 j - a +0 cloak (worn)
 v - a +0 buckler (worn)
 D - a +2 robe of cold resistance
 F - a +0 ring mail of cold resistance (worn)
Jewellery
 E - a ring of protection from cold (right claw)
 G - a ring of fire (left claw)
Wands
 I - a wand of acid (17)
 M - a wand of iceblast (4)
Scrolls
 h - 6 scrolls of remove curse
 i - 9 scrolls of identify {unknown}
 k - a scroll of noise {unknown}
 o - 4 scrolls of fog {unknown}
 s - 5 scrolls of teleportation
 u - a scroll of fear {unknown}
 C - 2 scrolls of amnesia {unknown}
 K - a scroll of enchant weapon {unknown}
 L - a scroll of torment {unknown}
 N - a scroll of magic mapping {unknown}
Potions
 b - a potion of resistance {unknown}
 e - a potion of degeneration {unknown}
 g - 2 potions of brilliance
 l - a potion of cancellation
 n - 2 potions of berserk rage {unknown}
 x - 2 potions of heal wounds {unknown}
 z - a potion of lignification {unknown}
 A - 2 potions of haste {unknown}
 J - a potion of flight {unknown}
Comestibles
 f - 23 rations


   Skills:
 + Level 7.5(12.5) Fighting
 + Level 10.8(15.8) Axes
 + Level 2.0(7.0) Throwing
 + Level 5.7(10.7) Armour
 + Level 5.4(10.4) Dodging
 + Level 1.9(6.9) Stealth
 + Level 3.2(8.2) Shields
 + Level 1.9 Invocations
 + Level 1.6 Evocations


You had 10 spell levels left.
You didn't know any spells.
Your spell library contained the following spells:

 Spells                   Type           Power        Failure   Level  Hunger
 Freeze                   Ice            #...         65%         1    ##.....
 Swiftness                Chrm/Air       #.......     78%         2    ###....
 Throw Frost              Conj/Ice       #.....       78%         2    ###....
 Ozocubu's Armour         Chrm/Ice       #.......     95%         3    ####...
 Static Discharge         Conj/Air       #.......     95%         3    ####...
 Summon Ice Beast         Ice/Summ       #.......     100%        4    #####..
 Throw Icicle             Conj/Ice       #.......     100%        4    #####..


Dungeon Overview and Level Annotations

Branches:
Dungeon (10/15)            Temple (1/1) D:4
   Lair: D:8-11         Orc: D:9-12

Altars:
Ashenzari
Cheibriados
Dithmenos
Elyvilon
Fedhas
Gozag
Hepliaklqana
Kikubaaqudgha
Makhleb
Nemelex Xobeh
Okawaru
Qazlal
Ru
Sif Muna
Trog
Uskayaw
Vehumet
Wu Jian
Xom
Yredelemnul
Zin
The Shining One

Shops:
D:6 *

Annotations:
D:7 2 transporters, vishdafish's ghost, novice GnFi
D:9 2 runed translucent doors, exclusion: orange crystal statue


Innate Abilities, Weirdness & Mutations

Your body is rotting away.
You thrive on raw meat.
You are immune to poison.
You have sharp fingernails.
You are carnivorous and can eat meat at any time.
Your flesh is cold resistant. (rC+)
You are immune to negative energy. (rN+++)
You do not regenerate when monsters are visible.
You are immune to unholy pain and torment.
You can survive without breathing.


Message History

The yak gores you but does no damage.
You hit the yak.
The yak is almost dead.
You hit the yak. You slash the yak! You block the yak's attack. x2
The yak closely misses you.
You slash the yak!
You kill the yak!
Okawaru accepts your kill.
You have reached level 11!
You hit the yak. You barely miss the yak. The yak gores you.
* * * LOW HITPOINT WARNING * * *
The yak misses you.
You slice the yak!!
You kill the yak!
Okawaru accepts your kill.
You hit the yak but do no damage. You closely miss the yak.
The yak is heavily wounded.
The yak gores you!
You die...

#......<...# ..
#..........##...
###...............
..............(..
#...............
#...........#$..
#..........##...
#..........## ..
###..††@........
#.....†Y.........
#............>....
#.................
....#...........#.#
....##.....######
... .....## ..
.....## .....#


You could see a yak.

Vanquished Creatures
  A two-headed ogre (D:9)
  An ugly thing (D:7)
  Psyche (D:8)
  Joseph (D:8)
  2 centaur skeletons
  A hippogriff (D:7)
  Sigmund (D:4)
  3 yaks (D:10)
  Grum (D:8)
  A steam dragon (D:8)
  A hungry ghost (D:8)
  Menkaure (D:4)
  Duvessa (D:6)
  A water moccasin (D:6)
  2 sky beasts
  An orc warrior (D:7)
  A hornet zombie (D:7)
  2 ice beasts
  An ogre (D:8)
  2 wolves (D:8)
  4 centaurs
  Blork the orc (D:4)
  A wyvern zombie (D:7)
  Dowan (D:6)
  5 scorpions
  8 killer bees
  3 electric eels (D:9)
  4 wights (D:5)
  5 howler monkeys
  4 crimson imps
  A centaur zombie (D:7)
  A hound (D:7)
  Crazy Yiuf (D:5)
  An orc priest (D:7)
  5 jellies
  A bullfrog zombie (D:9)
  2 bullfrog skeletons
  An iguana (D:4)
  An orc wizard (D:5)
  3 worker ants
  A hound skeleton (D:7)
  2 worker ant zombies
  8 adders
  4 gnolls (D:3)
  3 shadow imps
  9 oozes
  An adder zombie (D:7)
  2 adder skeletons
  3 worms
  A dart slug (D:3)
  3 leopard geckos
  17 orcs
  A ball python (D:2)
  8 giant cockroaches
  4 goblins
  7 hobgoblins
  7 kobolds
  8 quokkas
  11 bats
  4 frilled lizards
  2 leopard gecko skeletons
  7 rats
192 creatures vanquished.

Vanquished Creatures (others)
  A giant cockroach (D:6)
1 creature vanquished.

Grand Total: 193 creatures vanquished

Notes
Turn   | Place    | Note
-------+----------+-------------------------------------------
     0 | D:1      | dvd the Ghoul Gladiator began the quest for the Orb.
     0 | D:1      | Reached XP level 1. HP: 17/17 MP: 0/0
   179 | D:1      | Reached XP level 2. HP: 24/24 MP: 1/1
   200 | D:1      | Reached skill level 3 in Axes
   431 | D:1      | Reached XP level 3. HP: 28/30 MP: 2/2
  1181 | D:2      | Noticed a scorpion
  1197 | D:2      | Killed a scorpion
  1197 | D:2      | Reached skill level 4 in Axes
  1197 | D:2      | Reached XP level 4. HP: 17/37 MP: 3/3
  1510 | D:3      | Reached XP level 5. HP: 36/44 MP: 4/4
  1700 | D:3      | Reached skill level 1 in Armour
  2402 | D:4      | Reached XP level 6. HP: 48/50 MP: 5/5
  2499 | D:4      | Reached skill level 5 in Axes
  2506 | D:4      | Found a staircase to the Ecumenical Temple.
  2533 | Temple   | Entered the Ecumenical Temple
  2629 | Temple   | Became a worshipper of Warmaster Okawaru
  2794 | D:4      | Noticed Sigmund
  2812 | D:4      | Killed Sigmund
  2812 | D:4      | Reached XP level 7. HP: 10/57 MP: 6/6
  3210 | D:4      | Noticed Menkaure
  3222 | D:4      | Killed Menkaure
  3222 | D:4      | Reached * piety under Okawaru
  3222 | D:4      | Reached skill level 6 in Axes
  3448 | D:4      | Noticed Blork the orc
  3463 | D:4      | Killed Blork the orc
  3479 | D:5      | Entered Level 5 of the Dungeon
  3571 | D:5      | Reached XP level 8. HP: 58/66 MP: 7/7
  3860 | D:5      | Reached skill level 7 in Axes
  4294 | D:5      | Found a runed translucent door.
  4295 | D:5      | Noticed Crazy Yiuf
  4322 | D:5      | Killed Crazy Yiuf
  4418 | D:6      | Noticed Dowan
  4419 | D:6      | Noticed Duvessa
  4452 | D:6      | Killed Duvessa
  4452 | D:6      | Reached skill level 5 in Fighting
  4452 | D:6      | Reached skill level 1 in Shields
  4458 | D:6      | Killed Dowan
  4499 | D:6      | Found a burning altar of Makhleb.
  4517 | D:6      | Reached skill level 1 in Stealth
  4530 | D:6      | Reached ** piety under Okawaru
  4683 | D:6      | Found Cotz's Assorted Antiques.
  4705 | D:6      | Bought a tubular brass ring for 130 gold pieces
  4763 | D:6      | Reached XP level 9. HP: 66/74 MP: 8/8
  4971 | D:6      | Identified Egorph's Handbook of Feathers
  5041 | D:7      | Noticed a green ugly thing
  5056 | D:7      | Killed a green ugly thing
  5056 | D:7      | Reached skill level 8 in Axes
  5147 | D:7      | Noticed vishdafish's ghost (novice GnFi)
  5149 | D:7      | Found a transporter.
  5153 | D:7      | Found a transporter.
  5386 | D:7      | Reached skill level 1 in Invocations
  5405 | D:7      | Reached skill level 9 in Axes
  5853 | D:8      | Noticed Joseph
  5891 | D:8      | Reached XP level 10. HP: 74/84 MP: 7/9
  5895 | D:8      | Reached *** piety under Okawaru
  5902 | D:8      | Reached skill level 5 in Armour
  5912 | D:8      | Killed Joseph
  6297 | D:8      | Noticed Psyche
  6303 | D:8      | Killed Psyche
  6303 | D:8      | Reached skill level 5 in Dodging
  6430 | D:8      | Noticed Grum
  6452 | D:8      | Killed Grum
  6452 | D:8      | Reached skill level 10 in Axes
  6956 | D:9      | Noticed a two-headed ogre
  6966 | D:9      | Killed a two-headed ogre
  6966 | D:9      | Reached **** piety under Okawaru
  7017 | D:9      | Found a glowing silver altar of Zin.
  7020 | D:9      | Found a basalt altar of Yredelemnul.
  7020 | D:9      | Found a sparkling altar of Nemelex Xobeh.
  7024 | D:9      | Found a snail-covered altar of Cheibriados.
  8002 | D:9      | Found a runed translucent door.
  8008 | D:9      | Found the +10 large shield of Ignorance {rN+ Int-4}
  8014 | D:9      | Found a runed translucent door.
  8034 | D:9      | Noticed an orange crystal statue
  8382 | D:10     | Entered Level 10 of the Dungeon
  8417 | D:10     | Reached skill level 1 in Evocations
  8417 | D:10     | HP: 2/81 [yak (4)]
  8422 | D:10     | Reached XP level 11. HP: 11/92 MP: 9/11
  8424 | D:10     | Slain by a yak

Skill      XL: |  1  2  3  4  5  6  7  8  9 10 |
---------------+-------------------------------+-----
Axes           | 3 4 5 6 7 9 10 | 10.8
Dodging        | 3 4 5 |  5.4
Armour         | 1 2 3 4 5 |  5.7
Fighting       | 3 4 5 6 7 |  7.5
Throwing       | 2 |  2.0
Shields        | 1 3 |  3.2
Stealth        | 1 |  1.9
Invocations    | 1 |  1.9
Evocations     | 1 |  1.6

Action                   |  1- 3 |  4- 6 |  7- 9 | 10-12 || total
-------------------------+-------+-------+-------+-------++-------
Melee: War axe           |   110 |   152 |   360 |   181 ||   803
Throw: Throwing net      |       |     1 |     5 |     2 ||     8
       Tomahawk          |       |       |     4 |       ||     4
       Javelin           |       |       |     1 |       ||     1
Invok: Heroism           |       |       |    12 |     5 ||    17
Evoke: Wand              |       |       |     1 |    11 ||    12
  Use: Scroll            |     4 |       |       |       ||     4
       Potion            |       |     2 |     3 |     2 ||     7
 Stab: Invisible         |       |       |     1 |       ||     1
  Eat: Chunk             |     7 |    15 |    28 |    14 ||    64
Armor: Chain mail        |    70 |    42 |       |       ||   112
       Ring mail         |    16 |       |    47 |    65 ||   128
       Scale mail        |       |    31 |    74 |       ||   105
Dodge: Dodged            |    47 |    77 |   216 |   110 ||   450
Block: Buckler           |       |    10 |    71 |    30 ||   111
